 Dungeon Crawl Stone Soup version 0.30-a0-457-g4b7bca3bfa (webtiles) character file.

Game seed: 535820271911800801

2292 Jackthecabe the Conjurer (level 8, -2/61 HPs)
             Began as a Demigod Conjurer on Dec 14, 2022.
             Slain by a wight
             ... wielding a +3 scimitar
              (14 damage)
             ... on level 6 of the Dungeon.
             The game lasted 00:17:09 (7649 turns).

Jackthecabe the Conjurer (Demigod Conjurer)         Turns: 7649, Time: 00:17:10

Health: -2/61      AC:  6    Str:  8    XL:     8   Next: 96%
Magic:  12/19      EV: 12    Int: 28    God:
Gold:   304        SH:  0    Dex: 12    Spells: 0/17 levels left

rFire   + . .      SeeInvis +    l - +3 dagger (speed)
rCold   . . .      Faith    .    (no shield)
rNeg    . . .      Spirit   .    a - +0 robe
rPois   +          Reflect  .    (no helmet)
rElec   +          Harm     .    j - +0 cloak
rCorr   .          Rampage  +    u - +2 pair of gloves of the Devil {Rampage rPois Will++ Stlth-}
Will    ++...                    (no boots)
Stlth   +.........               (no amulet)
HPRegen 0.30/turn                o - ring "Juudwekh" {rElec rF+ SInv}
MPRegen 0.16/turn                (no ring)

@: flying
A: high MP 1, forlorn, divine attributes
a: no special abilities


You were on level 6 of the Dungeon.
You visited 1 branch of the dungeon, and saw 7 of its levels.

You collected 356 gold pieces.
You spent 52 gold pieces at shops.


Innate Abilities, Weirdness & Mutations

You have an increased reservoir of magic. (+10% MP)
You shall have no god before yourself.
Your divine heritage dramatically boosts your attributes as you level up.


   Skills:
 - Level 2.0 Fighting
 - Level 1.7 Dodging
 - Level 1.7 Stealth
 - Level 5.0 Spellcasting
 - Level 6.0 Conjurations
 - Level 6.0 Hexes
 + Level 5.6 Summonings


You couldn't memorise any spells.
You knew the following spells:

 Your Spells              Type           Power      Damage    Failure   Level
f - Fulminant Prism       Conj/Hex       20%        3d12      5%          4
m - Magic Dart            Conj           100%       1d8       1%          1
s - Searing Ray           Conj           80%        2d7       1%          2
v - Summon Mana Viper     Hex/Summ       39%        N/A       17%         5
X - Yara's Violent Unrav  Hex/Tmut       11%        3d6       47%         5

Your spell library contained the following spells:

 Spells                   Type           Power      Damage    Failure   Level
 Dazzling Flash           Conj/Hex       80%        N/A       1%          3
 Tukima's Dance           Hex            40%        N/A       1%          3
 Ensorcelled Hibernation  Hex/Ice        46%        N/A       3%          2
 Momentum Strike          Conj/Tloc      46%        3d9       3%          2
 Blink                    Tloc           14%        N/A       10%         2
 Anguish                  Hex/Necr       11%        N/A       19%         4
 Iskenderun's Mystic Bla  Conj/Tloc      23%        2d6       19%         4
 Frozen Ramparts          Ice            14%        1d3       21%         3
 Lesser Beckoning         Tloc           14%        N/A       21%         3
 Spider Form              Tmut/Pois      7%         N/A       21%         3
 Summon Ice Beast         Ice/Summ       22%        N/A       21%         4
 Summon Forest            Summ/Tloc      11%        N/A       50%         5
 Ice Form                 Ice/Tmut       7%         N/A       54%         4
 Passage of Golubria      Tloc           7%         N/A       54%         4
 Summon Cactus Giant      Summ           19%        N/A       69%         6

Inventory:

Hand Weapons
 l - a +3 dagger of speed (weapon)
 A - a +1 dagger of electrocution
Missiles
 s - 14 poisoned darts
Armour
 a - a +0 robe (worn)
 j - a +0 cloak (worn)
 u - the +2 pair of gloves of the Devil (worn) {Rampage rPois Will++ Stlth-}
   (You found it on level 4 of the Dungeon)

   rPois:     It protects you from poison.
   Rampage:   It bestows one free step when moving towards enemies.
   Will:      It greatly increases your willpower.
   Stlth:     It makes you less stealthy.
 w - a +0 pair of gloves
Jewellery
 o - the ring "Juudwekh" (left hand) {rElec rF+ SInv}
   (You found it on level 3 of the Dungeon)

   [ring of see invisible]

   rF:        It protects you from fire.
   rElec:     It insulates you from electricity.
   SInv:      It lets you see invisible.
 v - a ring of see invisible
Wands
 r - a wand of iceblast (8)
 z - a wand of flame (22)
 B - a wand of paralysis (9)
Scrolls
 c - 2 scrolls of enchant armour {unknown}
 f - a scroll of immolation {unknown}
 g - 3 scrolls of teleportation {unknown}
 h - 6 scrolls of identify {unknown}
 k - a scroll of vulnerability {unknown}
 m - a scroll of noise {unknown}
 p - a scroll of acquirement {unknown}
 x - 2 scrolls of torment {unknown}
 y - a scroll of fog
 C - 2 scrolls of poison {unknown}
 D - a scroll of summoning {unknown}
 F - a scroll of enchant weapon {unknown}
Potions
 b - a potion of magic
 d - 4 potions of curing {@q1}
 e - a potion of heal wounds {unknown}
 i - a potion of cancellation {unknown}
 n - 3 potions of flight
 q - a potion of haste {unknown}
 t - a potion of might {unknown}
 E - 2 potions of degeneration {unknown}

Dungeon Overview and Level Annotations

Branches:
Dungeon (7/15)
 Temple: D:4-7

Shops:
D:4 *

Annotations:
D:3 Grinder
D:4 1 runed translucent door, Crazy Yiuf

♣♣♣~~...###........#
♣....)### ##.......#
..###..# ##......## ###
#..## #.......# # ##..##
##.......###
##..###..........#
#.......#......##
##......##......#
#.......z@y....#
##....♣~.~♣yS...##
##..##♣♣~~♣♣.>....## #..##
♣♣~~♣.......## # ###..#
♣♣.♣♣♣♣#.....# ####...#♣
♣P~P♣♣ ♣♣#...###
......<#♣♣♣♣♣~~~~♣♣♣~#.....#
.........~~~~~~~~~~....#..##
...#....♣~♣P♣~.~~.~~♣###..#


You could see 2 killer bees, a wight and a friendly mana viper (summoned).


Message History

You climb upwards.
There is a stone staircase leading down here.
Unknown command.
Unknown command.
Casting: Searing Ray (safe; 1% risk of failure)
Confirm with . or Enter, or press ? or * to list all spells.
The spell is quite dangerous to miscast (17% risk of failure)!
Continue anyway?
A mana viper appears with a sibilant hiss.
The killer bee stings you. x2; The wight hits you with a +3 scimitar!
* * * LOW HITPOINT WARNING * * *
The killer bee stings you!
* * * LOW HITPOINT WARNING * * *
The killer bee stings you!
* * * LOW HITPOINT WARNING * * *
Unknown command.
It was a potion of curing.
You feel better. The killer bee stings you.
* * * LOW HITPOINT WARNING * * *
The killer bee barely misses you.
Your mana viper completely misses the killer bee.
The wight barely misses you. The killer bee closely misses you.
The killer bee stings you.
* * * LOW HITPOINT WARNING * * *
It was a potion of flight.
You feel very buoyant.
You fly up into the air.
The killer bee stings you.
* * * LOW HITPOINT WARNING * * *
The killer bee stings you but does no damage.
Your mana viper barely misses the killer bee.
The wight hits you with a +3 scimitar!
You die...

Skill      XL: |  1  2  3  4  5  6  7  8 |
---------------+-------------------------+-----
Spellcasting   | 2 3 5 |  5.0
Conjurations   | 4 5 6 |  6.0
Hexes          | 1 3 4 6 |  6.0
Fighting       | 2 |  2.0
Summonings     | 5 |  5.6
Dodging        | |  1.7
Stealth        | |  1.7

Action                   |  1- 3 |  4- 6 |  7- 9 || total
-------------------------+-------+-------+-------++-------
Melee: Unarmed           |     1 |       |       ||     1
       Dagger            |     3 |       |     1 ||     4
       Punch             |     1 |       |       ||     1
 Cast: Magic Dart        |    92 |    63 |    70 ||   225
       Searing Ray       |     1 |     5 |    27 ||    33
       Fulminant Prism   |       |     6 |     6 ||    12
       Summon Mana Viper |       |       |     1 ||     1
  Use: Potion            |       |       |     2 ||     2
Armor: Robe              |     1 |     6 |    18 ||    25
Dodge: Dodged            |     5 |     3 |    34 ||    42

Levels and vault maps discovered:
D:1:      shiori_arrival_oz, layout_basic
D:2:      layout_rooms, ebering_ecumenical_altar_rust
D:3:      layout_loops_ring, uniq_grinder
D:4:      layout_gridville, serial_shops, shop, uniq_crazy_yiuf_cottage
D:5:      minmay_angry_zag, layout_basic
D:6:      layout_layer_cave, serial_bayou, serial_bayou_lagoon_b,
          serial_bayou_lake_a, serial_bayou_crossing, serial_bayou_pond_d,
          minmay_small_thing, uniq_duvessa
D:7:      layout_loops_ring, minmay_temple_entry_from_below_a

Notes
Turn   | Place    | Note
-------+----------+-------------------------------------------
     0 | D:1      | Jackthecabe the Demigod Conjurer began the quest for the
                  | Orb.
     0 | D:1      | Reached XP level 1. HP: 14/14 MP: 5/5
    52 | D:1      | Reached skill level 2 in Spellcasting
   254 | D:1      | Reached XP level 2. HP: 20/20 MP: 1/7
   434 | D:1      | Learned a level 2 spell: Searing Ray
   617 | D:1      | Reached skill level 4 in Conjurations
  1297 | D:1      | Reached XP level 3. HP: 26/26 MP: 7/9
  2172 | D:3      | Reached skill level 3 in Spellcasting
  2172 | D:3      | Reached XP level 4. HP: 33/33 MP: 3/11
  2245 | D:3      | Identified the ring "Juudwekh" {rElec rF+ SInv}
  2253 | D:3      | Learned a level 4 spell: Fulminant Prism
  2402 | D:3      | Reached skill level 1 in Hexes
  2860 | D:3      | Noticed a necrophage
  2864 | D:3      | Killed a necrophage
  2865 | D:3      | Reached skill level 5 in Conjurations
  2865 | D:3      | Reached XP level 5. HP: 38/38 MP: 6/12
  3033 | D:3      | Noticed Grinder
  3337 | D:4      | Identified the +2 pair of gloves of the Devil {Rampage
                  | rPois Will++ Stlth-}
  3567 | D:4      | Reached skill level 2 in Hexes
  3657 | D:4      | Found a runed translucent door.
  3658 | D:4      | Noticed Crazy Yiuf
  3775 | D:4      | Reached skill level 3 in Hexes
  3775 | D:4      | Reached XP level 6. HP: 45/45 MP: 5/13
  4016 | D:4      | Found Neunoakuap's General Store.
  4024 | D:4      | Bought a scroll of fog for 52 gold pieces
  4266 | D:5      | Entered Level 5 of the Dungeon
  4446 | D:5      | Reached skill level 6 in Conjurations
  4616 | D:5      | Reached skill level 4 in Hexes
  4616 | D:5      | Reached XP level 7. HP: 44/50 MP: 8/14
  4871 | D:5      | Reached skill level 5 in Hexes
  5169 | D:5      | Reached skill level 6 in Hexes
  5175 | D:5      | Learned a level 5 spell: Yara's Violent Unravelling
  5336 | D:5      | Reached skill level 1 in Fighting
  5827 | D:6      | Reached skill level 2 in Fighting
  5827 | D:6      | Reached XP level 8. HP: 61/61 MP: 10/17
  5915 | D:6      | Reached skill level 4 in Spellcasting
  5917 | D:6      | Reached skill level 1 in Summonings
  6017 | D:6      | Reached skill level 2 in Summonings
  6188 | D:6      | Reached skill level 3 in Summonings
  6622 | D:6      | Noticed Dowan
  6622 | D:6      | Noticed Duvessa
  6628 | D:6      | Killed Duvessa
  6629 | D:6      | Reached skill level 5 in Spellcasting
  6629 | D:6      | Reached skill level 4 in Summonings
  6633 | D:6      | Killed Dowan
  6750 | D:6      | Noticed an unseen horror
  6757 | D:6      | Killed an unseen horror
  6758 | D:6      | Reached skill level 5 in Summonings
  6887 | D:6      | Learned a level 5 spell: Summon Mana Viper
  7649 | D:6      | Slain by a wight

Vanquished Creatures
  An unseen horror (D:6)
  Duvessa (D:6)
  2 black bears (D:5)
  An ogre (D:5)
  2 ice beasts
  2 centaurs
  2 scorpions
  A bullfrog (D:6)
  A necrophage (D:3)
  7 wights
  Dowan (D:6)
  7 electric eels (D:6)
  2 hounds (D:5)
  2 jellies
  An orc priest (D:5)
  3 iguanas
  An orc wizard (D:3)
  7 adders
  2 white imps
  2 worms
  A dart slug (D:1)
  13 orcs
  8 ball pythons
  3 endoplasms
  5 giant cockroaches
  6 goblins
  13 hobgoblins
  3 jackals (D:3)
  A quokka (D:4)
  5 bats
  3 frilled lizards
  7 kobolds
  2 rats
118 creatures vanquished.

Vanquished Creatures (others)
  12 fulminant prisms
  10 plants (D:6)
22 creatures vanquished.

Grand Total: 140 creatures vanquished

Table legend: (Time is in decaauts)
 A = Elapsed time spent in this place.
 B = Non-inter-level travel time spent in this place.
 C = Inter-level travel time spent in this place.
 D = Time resting spent in this place.
 E = Time spent auto-exploring this place.
 F = Levels seen in this place.
 G = Mean time per level.
                   A        B        C        D        E       F      G
               +--------+--------+--------+--------+--------+-----+--------+
         Total |   7697 |   7424 |    273 |    481 |   6121 |   7 | 1099.6 |
       Dungeon |   7697 |   7424 |    273 |    481 |   6121 |   7 | 1099.6 |
               +--------+--------+--------+--------+--------+-----+--------+

Top non-repeatable levels by time:
     D:6: 1874 daAuts
     D:5: 1518 daAuts
     D:1: 1343 daAuts
     D:3: 1095 daAuts
     D:4: 1082 daAuts
     D:2: 780 daAuts
     D:7: 3 daAuts

Table legend:
 A = Non-vault XP
 B = Vault XP
 C = Vault XP percentage of total XP
 D = Non-vault monster count
 E = Vault monster count
 F = Vault count percentage of total count
                 A         B        C        D         E       F
            +---------+---------+-------+---------+---------+-------
      Total |    2510 |     765 |  23.4 |     109 |       9 |   7.6
            +---------+---------+-------+---------+---------+-------
        D:1 |      44 |       4 |   8.3 |      24 |       2 |   7.7
        D:2 |      54 |       0 |   0.0 |      16 |       0 |   0.0
        D:3 |     170 |       0 |   0.0 |      22 |       0 |   0.0
        D:4 |     304 |       0 |   0.0 |       9 |       0 |   0.0
        D:5 |     834 |     187 |  18.3 |      20 |       4 |  16.7
        D:6 |    1104 |     574 |  34.2 |      18 |       3 |  14.3
            +---------+---------+-------+---------+---------+-------
